 Dungeon Crawl Stone Soup version 0.31-a0-931-g7b59d4eb97 (webtiles) character file.

Game seed: 1039397198909747534

21 kae the Vexing (level 2, 0/19 HPs)
             Began as a Demonspawn Enchanter on Oct 19, 2023.
             Slain by an orc wizard
             ... wielding a +0 dagger
              (2 damage)
             ... on level 2 of the Dungeon.
             The game lasted 00:01:21 (952 turns).

kae the Vexing (Demonspawn Enchanter)                Turns: 952, Time: 00:01:21

Health: 0/19       AC:  2    Str:  8    XL:     2   Next: 65%
Magic:  5/5        EV: 12    Int: 16    God:
Gold:   61         SH:  0    Dex: 13    Spells: 5/5 levels left

rFire   . . .        a - +1 dagger
rCold   . . .        (no shield)
rNeg    . . .        b - +0 robe
rPois   .            (no helmet)
rElec   .            (no cloak)
rCorr   .            (no gloves)
SInv    .            (no boots)
Will    .....        (no amulet)
Stlth   ++           (no ring)
HPRegen 0.23/turn    (no ring)
MPRegen 0.09/turn

%: no passive effects
@: no status effects
A: sturdy frame 1
a: no special abilities


You were on level 2 of the Dungeon.
You visited 1 branch of the dungeon, and saw 2 of its levels.

You collected 61 gold pieces.


Innate Abilities, Weirdness & Mutations

Your movements are slightly less encumbered by armour. (ER -2)


   Skills:
 * Level 1.6 Short Blades
 - Level 1.7 Dodging
 + Level 2.8 Stealth
 + Level 2.1 Spellcasting
 * Level 3.3 Hexes


You had 5 spell levels left.
You didn't know any spells.
Your spell library contained the following spells:

 Spells                   Type           Power      Damage    Failure   Level
 Ensorcelled Hibernation  Hex/Ice        14%        N/A       16%         2
 Confusing Touch          Hex            12%        N/A       16%         3
 Tukima's Dance           Hex            12%        N/A       16%         3
 Dazzling Flash           Conj/Hex       14%        N/A       30%         3
 Passage of Golubria      Tloc           1%         N/A       90%         4
 Silence                  Hex/Air        3%         N/A       96%         5
 Lehudib's Crystal Spear  Conj/Erth      0%         10d2      100%        8

Inventory:

Hand Weapons
 a - a +1 dagger (weapon)
Missiles
 f - 8 stones
Armour
 b - a +0 robe (worn)
Scrolls
 e - a scroll of noise {!r}
Potions
 c - a potion of invisibility

Dungeon Overview and Level Annotations

Branches:
Dungeon (2/15) Zot: 11049

Altars:

..o..# #.....#.#
.###.###.###.#.#
..S..)...#...#.#
.#.#######.....#
#. #..###### #
#.......#
##.#.##)#
#.#.##.#
#.####@#
#....{o#
#.#####..#
#....<...#
#####.#.## #...#
#####


You could see an orc.


Message History

An orc and a ball python come into view.
The orc is wielding a +0 dagger of venom. 😎 HP[+5]
Your hp is fully restored (19).
An orc wizard comes into view. It is wielding a +0 dagger.
The orc shouts!
The ball python hisses angrily.
The orc wizard shouts!
You hear a shout!
An orc comes into view.
It is wielding a +0 morningstar and wearing a +1 leather armour of poison resistance.
The orc shouts!
There are monsters nearby!
The orc attacks as it pursues you! The orc closely misses you.
The orc attacks as it pursues you!
The orc hits you with a +0 dagger of venom.
You are poisoned. 😕 HP[-3]
You take 3 damage, and now have 16/19 hp.
You feel very sick. The orc attacks as it pursues you!
The orc misses you. 😮 HP[-3]
You take 3 damage, and now have 13/19 hp.
You feel very sick. The orc attacks as it pursues you!
The orc closely misses you.
The orc wizard mumbles some strange words.
The orc wizard flickers and vanishes!
Deactivating autopickup; reactivate with Ctrl-A. 😮 HP[-3]
You take 3 damage, and now have 10/19 hp.
You fade into invisibility!
You feel sick. The orc completely misses you. 😨 HP[-1]
You take 1 damage, and now have 9/19 hp.
You barely miss the orc.
You feel sick. The orc closely misses you. 😨 HP[-1]
You take 1 damage, and now have 8/19 hp.
You catch the helpless orc completely off-guard!
You puncture the orc!
You kill the orc!
You feel sick. 😨 HP[-1]
You take 1 damage, and now have 7/19 hp.
You feel sick. 😨 HP[-1]
You take 1 damage, and now have 6/19 hp.
You feel sick.
A puff of flame appears from out of thin air! 😨 HP[-1]
You take 1 damage, and now have 5/19 hp.
You feel sick.
You feel sick. 😱 HP[-1]
You take 1 damage, and now have 4/19 hp.
You feel sick.
You are no longer poisoned. 😱 HP[-1]
You take 1 damage, and now have 3/19 hp. 😱 HP[+1] 😨 HP[+1]
You hear a shout! 😨 HP[+1]
There is a stone staircase leading up here.
You climb upwards.
Reactivating autopickup.
There is a stone staircase leading down here. 😨 HP[+1]
You flicker for a moment.
You flicker back into view.
Done exploring. 😕 HP[+9]
You regained 9 hp, and now have 16/19 hp.
Done exploring.
Done exploring.
You start resting. 😎 HP[+3]
Your hp is fully restored (19).
You climb downwards.
There is a stone staircase leading up here.
You completely miss the orc wizard.
The orc wizard gestures at you while chanting.
You are confused.
The orc wizard attacks as it pursues you!
The orc wizard hits you but does no damage.
The orc wizard barely misses you.
The orc wizard casts a spell.
The orc wizard flickers and vanishes!
Deactivating autopickup; reactivate with Ctrl-A.
Unknown command.
Something hits you. 😕 HP[-4]
You take 4 damage, and now have 15/19 hp.
MASSIVE DAMAGE!! (PAUSE)
You bump into the rock wall.
The orc closely misses you. Something hits you. 😮 HP[-4]
You take 4 damage, and now have 11/19 hp.
MASSIVE DAMAGE!! (PAUSE)
You bump into the rock wall.
You feel less confused. The orc hits you with a +0 morningstar!
* * * LOW HITPOINT WARNING * * *
Something hits you.
You die...

Skill      XL: |  1 |
---------------+----+-----
Short Blades   | 1 |  1.6
Dodging        | |  1.7
Stealth        | |  2.8
Spellcasting   | |  2.1
Hexes          | |  3.3

Action                     || total
---------------------------++-------
  Melee: Dagger            ||    45
         Punch             ||     1
    Use: Scroll            ||     2
         Potion            ||     1
   Stab: Sleeping          ||     6
         Invisible         ||     1
 Armour: Robe              ||    25
  Dodge: Dodged            ||    27

Levels and vault maps discovered:
D:1:      minmay_arrival_four_circles, layout_basic, serial_forest,
          infiniplex_forest_lined_1, infiniplex_forest_clump_tiny,
          infiniplex_forest_straight_1, infiniplex_forest_lined_3,
          infiniplex_forest_lined_room_3, infiniplex_forest_end_2
D:2:      layout_basic, ebering_ecumenical_altar_box

Notes
Turn   | Place    | Note
-------+----------+-------------------------------------------
     0 | D:1      | kae the Demonspawn Enchanter began the quest for the Orb.
     0 | D:1      | Reached XP level 1. HP: 13/13 MP: 3/3
     0 | D:1      | magus.rc [v1.11.3]
    13 | D:1      | Reached skill level 1 in Short Blades
   198 | D:1      | Gained mutation: Your movements are slightly less
                  | encumbered by armour. (ER -2) [demonic ancestry]
   198 | D:1      | Reached XP level 2. HP: 19/19 MP: 5/5
   356 | D:1      | You pick up a book of the Moon and begin reading...
   356 | D:1      | You add the spells Passage of Golubria, Silence and
                  | Lehudib's Crystal Spear to your library.
   873 | D:2      | HP: 4/19 [poisoned by an orc]
   952 | D:2      | HP: 2/19 [orc/+0 morningstar (9)]
   952 | D:2      | Slain by an orc wizard

Vanquished Creatures
  An orc (D:2)
  A ball python (D:1)
  2 endoplasms (D:1)
  2 giant cockroaches (D:1)
  3 hobgoblins (D:1)
  2 bats (D:1)
  4 frilled lizards (D:1)
  2 goblins (D:1)
  3 kobolds
20 creatures vanquished.

Table legend:
 A = Non-vault XP
 B = Vault XP
 C = Vault XP percentage of total XP
 D = Non-vault monster count
 E = Vault monster count
 F = Vault count percentage of total count
                 A         B        C        D         E       F
            +---------+---------+-------+---------+---------+-------
      Total |      31 |       0 |   0.0 |      20 |       0 |   0.0
            +---------+---------+-------+---------+---------+-------
        D:1 |      27 |       0 |   0.0 |      18 |       0 |   0.0
        D:2 |       4 |       0 |   0.0 |       2 |       0 |   0.0
            +---------+---------+-------+---------+---------+-------

Skill      XL: |  1 |
---------------+----+-----
Short Blades   | 1 |  1.6
Dodging        | |  1.7
Stealth        | |  2.8
Spellcasting   | |  2.1
Hexes          | |  3.3

Action                     || total
---------------------------++-------
  Melee: Dagger            ||    45
         Punch             ||     1
    Use: Scroll            ||     2
         Potion            ||     1
   Stab: Sleeping          ||     6
         Invisible         ||     1
 Armour: Robe              ||    25
  Dodge: Dodged            ||    27

Illustrated notes

Table legend:
 A = Kills in this place as a percentage of kills in the entire game.
 B = Kills by you in this place as a percentage of kills by you in the entire game.
 C = Kills by friends in this place as a percentage of kills by friends in the entire game.
 D = Other kills in this place as a percentage of other kills in the entire game.
 E = Experience gained in this place as a percentage of experience gained in the entire game.
 F = Experience gained in this place divided by the number of levels of this place that you have seen.
                   A       B       C       D       E      F
               +-------+-------+-------+-------+-------+----------------------
         Total | 100.0 | 100.0 |   N/A |   N/A | 100.0 |  15.5
       Dungeon | 100.0 | 100.0 |   N/A |   N/A | 100.0 |  15.5
               +-------+-------+-------+-------+-------+----------------------

Table legend: (Time is in decaauts)
 A = Elapsed time spent in this place.
 B = Non-inter-level travel time spent in this place.
 C = Inter-level travel time spent in this place.
 D = Time resting spent in this place.
 E = Time spent auto-exploring this place.
 F = Levels seen in this place.
 G = Mean time per level.
                   A        B        C        D        E       F      G
               +--------+--------+--------+--------+--------+-----+--------+
         Total |    949 |    936 |     13 |     13 |    752 |   2 |  474.5 |
       Dungeon |    949 |    936 |     13 |     13 |    752 |   2 |  474.5 |
               +--------+--------+--------+--------+--------+-----+--------+

Top non-repeatable levels by time:
     D:1: 858 daAuts
     D:2: 91 daAuts
